 Dungeon Crawl Stone Soup version 0.30-a0-272-gf98c3da03f (webtiles) character file.

Game seed: 1522989241349512843

87297 Neidan the Unseen (level 15, -1/78 HPs)
             Began as a Spriggan Enchanter on Oct 15, 2022.
             Was the Champion of Dithmenos.
             Slain by a freezing wraith (9 damage)
             ... led by a death knight
             ... on level 15 of the Dungeon.
             The game lasted 01:25:03 (25844 turns).

Neidan the Unseen (Spriggan Enchanter)             Turns: 25844, Time: 01:25:04

Health: -1/78      AC: 14    Str: 14    XL:     15   Next: 43%
Magic:  35/35      EV: 26    Int: 20    God:    Dithmenos [******]
Gold:   3107       SH:  0    Dex: 17    Spells: 28/44 levels left

rFire   . . .      SeeInvis +    A - +5 rapier "Spriggan's Peril" {drain, rPois}
rCold   . . .      Faith    .    (no shield)
rNeg    . . .      Spirit   .    G - +1 steam dragon scales
rPois   +          Reflect  .    (helmet restricted)
rElec   .          Harm     .    a - +3 cloak "Faehin" {Str+4 Int+3}
rCorr   .          Rampage  .    (gloves unavailable)
Will    +++..                    (boots unavailable) Stlth ****++++++
                                 (no amulet)
HPRegen 0.33/turn                l - +4 ring of protection
MPRegen 0.24/turn                s - ring of wizardry

@: slowed, wreathed by umbra, quick
A: very small, no large weapons, unfitting armour, see invisible, speed 3,
strong-willed 1, poison resistance
a: Renounce Religion, Shadow Step, Shadow Form


You were on level 15 of the Dungeon.
You worshipped Dithmenos.
Dithmenos was exalted by your worship.
You visited 4 branches of the dungeon, and saw 23 of its levels.
You also visited: Bailey.

You collected 3681 gold pieces.
You spent 574 gold pieces at shops.

Inventory:

Hand Weapons
 A - the +5 rapier "Spriggan's Peril" (weapon) {drain, rPois}
   (You found it on level 8 of the Dungeon)

   A truly terrible weapon, it drains the life of any living foe it strikes.
   rPois:     It protects you from poison.
Missiles
 w - a curare-tipped dart (quivered)
 H - a throwing net
 L - 2 datura-tipped darts
Armour
 a - the +3 cloak "Faehin" (worn) {Str+4 Int+3}
   (You bought it in a shop on level 2 of the Orcish Mines)

   Str:       It affects your strength (+4).
   Int:       It affects your intelligence (+3).
 G - +1 steam dragon scales (worn)
Jewellery
 l - a +4 ring of protection (left hand)
 s - a ring of wizardry (right hand)
 C - a ring of flight
 T - a ring of fire
Wands
 g - a wand of polymorph (30)
 r - a wand of mindburst (8)
 D - a wand of paralysis (26)
 J - a wand of flame (26)
 Z - a wand of digging (9)
Scrolls
 d - 2 scrolls of amnesia
 i - a scroll of fear
 o - a scroll of summoning
 u - 2 scrolls of poison
 v - 4 scrolls of identify
 y - 4 scrolls of vulnerability
 B - a scroll of enchant weapon
 I - 3 scrolls of magic mapping
 O - 4 scrolls of teleportation
 X - 2 scrolls of fog
Potions
 c - a potion of mutation
 e - 11 potions of curing
 f - 6 potions of berserk rage
 h - 7 potions of heal wounds
 k - 4 potions of might
 m - 3 potions of brilliance
 n - 7 potions of lignification
 p - 9 potions of flight
 q - 3 potions of cancellation
 F - 4 potions of magic
 V - a potion of resistance
 Y - a potion of ambrosia
Miscellaneous
 z - a condenser vane (inert)
 N - a phantom mirror
 R - a box of beasts
 S - a lightning rod (4/4)


   Skills:
 + Level 8.8 Fighting
 + Level 11.3 Short Blades
 + Level 13.5 Dodging
 + Level 19.1 Stealth
 + Level 15.4 Spellcasting
 + Level 15.6 Hexes


You had 28 spell levels left.
You knew the following spells:

 Your Spells              Type           Power      Damage    Failure   Level
a - Ensorcelled Hibernat  Hex/Ice        92%        N/A       1%          2
b - Tukima's Dance        Hex            67%        N/A       0%          3
c - Dazzling Flash        Conj/Hex       92%        N/A       1%          3
d - Confusing Touch       Hex            67%        N/A       0%          3
e - Cause Fear            Hex            33%        N/A       1%          4
f - Apportation           Tloc           30%        N/A       1%          1

Your spell library contained the following spells:

 Spells                   Type           Power      Damage    Failure   Level
 Beastly Appendage        Tmut           30%        N/A       1%          1
 Freeze                   Ice            60%        1d7       1%          1
 Magic Dart               Conj           60%        1d6       1%          1
 Necrotise                Necr           60%        1d7       1%          1
 Shock                    Conj/Air       60%        1d6       1%          1
 Sting                    Tmut/Pois      60%        1d6       1%          1
 Summon Small Mammal      Summ           60%        N/A       1%          1
 Summon Guardian Golem    Hex/Summ       46%        N/A       1%          3
 Metabolic Englaciation   Hex/Ice        23%        N/A       1%          5
 Call Imp                 Summ           15%        N/A       2%          2
 Wereblood                Tmut           15%        N/A       2%          2
 Call Canine Familiar     Summ           15%        N/A       4%          3
 Frozen Ramparts          Ice            30%        1d5       4%          3
 Gell's Gravitas          Tloc           15%        N/A       4%          3
 Hailstorm                Conj/Ice       15%        3d5       4%          3
 Lesser Beckoning         Tloc           30%        N/A       4%          3
 Mephitic Cloud           Conj/Pois/Air  15%        N/A       4%          3
 Spider Form              Tmut/Pois      15%        N/A       4%          3
 Swiftness                Air            15%        N/A       4%          3
 Teleport Other           Tloc           15%        N/A       4%          3
 Vhi's Electric Charge    Tloc/Air       30%        N/A       4%          3
 Airstrike                Air            7%         2d(2-18)  16%         4
 Animate Dead             Necr           15%        N/A       16%         4
 Petrify                  Tmut/Erth      15%        N/A       16%         4
 Arcjolt                  Conj/Air       7%         1d17      38%         5
 Blade Hands              Tmut           7%         N/A       38%         5
 Borgnjor's Vile Clutch   Necr/Erth      7%         N/A       38%         5
 Irradiate                Conj/Tmut      7%         3d14      38%         5
 Iskenderun's Battlesphe  Conj           15%        2d7       38%         5
 Death Channel            Necr           7%         N/A       91%         6
 Iron Shot                Conj/Erth      7%         9d2       91%         6
 Statue Form              Tmut/Erth      10%        N/A       91%         6
 Dragon Form              Tmut           7%         N/A       100%        7
 Spellforged Servitor     Conj/Summ      7%         N/A       100%        7
 Maxwell's Capacitive Co  Air            7%         ∞         100%        8
 Dragon's Call            Summ           7%         N/A       100%        9


Dungeon Overview and Level Annotations

Branches:
Dungeon (15/15)            Temple (1/1) D:6            Lair (5/5) D:8
  Swamp (0/4) Lair:3        Snake (0/4) Lair:2        Slime (0/5) Lair:5
    Orc (2/2) D:12            Elf (0/3) Orc:2        Vaults (0/5) D:14
 Bailey (visited)
 Depths: D:15

Altars:
Cheibriados
Dithmenos
Elyvilon
Fedhas
Gozag
Hepliaklqana
Kikubaaqudgha
Makhleb
Nemelex Xobeh
Okawaru
Qazlal
Ru
Sif Muna
Trog
Vehumet
Wu Jian
Xom
Yredelemnul
Zin
The Shining One
Lugonu

Shops:
D:6 (   D:8 (   Orc:1 (   Orc:2 [*=*[(

Annotations:
D:12 1 runed translucent door, borntocrawl's ghost, journeyman GrMo
Orc:1 2 transporters


Innate Abilities, Weirdness & Mutations

You are very small and have problems with some larger weapons.
You are too small for most types of armour.
You have supernaturally acute eyesight. (SInv)
You cover ground extremely quickly. (Speed+++)
You are strong-willed. (Will+)
Your system is resistant to poisons. (rPois)


Message History

a +0 leather armour; a +0 mace
There is a staircase back to the Dungeon here.
You climb upwards.
Welcome back to the Dungeon!
Level annotation: 1 runed translucent door, borntocrawl's ghost, journeyman GrMo
There is a staircase to the Orcish Mines here.
There is a stone staircase leading down here.
You climb downwards.
There is a stone staircase leading up here.
There is an open door here.
There is a stone staircase leading down here.
You climb downwards.
There is a stone staircase leading up here.
There is a stone staircase leading down here.
You climb downwards.
There is a stone staircase leading up here.
There are monsters nearby!
The helpless freezing wraith fails to defend itself.
You spit the freezing wraith like a pig!!!!!
You destroy the freezing wraith!
Dithmenos accepts your kill.
The helpless wraith fails to defend itself.
You skewer the wraith like a kebab!!!!
You destroy the wraith!
Dithmenos accepts your kill. The freezing wraith misses you. x2
You hit the death knight but do no damage.
The freezing wraith completely misses you.
The freezing wraith barely misses you. The death knight closely misses you.
The wraith hits you. The wraith drains your vigour!
You feel yourself slow down. The freezing wraith hits you.
You emit a cloud of dark smoke.
The freezing wraith freezes you!!
You emit a cloud of dark smoke.
The freezing wraith hits you but does no damage.
There is a stone staircase leading up here.
The freezing wraith completely misses you.
The freezing wraith hits you!
The death knight hits you from afar with a +4 halberd!!
* * * LOW HITPOINT WARNING * * *
The freezing wraith hits you!
You die...

#######
#.....######
#.....§.....
#§p§§§......
#§§W§§§.....
##§W@§.###
#######


You could see a death knight, a freezing wraith and a wraith.

Vanquished Creatures
  Rupert (D:14)
  An orc warlord (Orc:2)
  7 hydras
  A vault guard (D:14)
  2 boulder beetles
  4 catoblepae
  6 centaur warriors
  A death knight (D:14)
  8 death yaks (Lair:5)
  2 orc high priests (Orc:2)
  2 two-headed ogres
  A skeletal warrior (D:14)
  A lindwurm (Lair:2)
  4 orc knights (Orc:2)
  A phantasmal warrior (D:14)
  5 orc sorcerers
  A deep elf pyromancer (D:13)
  An oklob plant (Lair:4)
  11 ugly things
  2 manticores (Lair:5)
  3 cyclopes
  A wolf spider (D:13)
  9 elephants
  8 black mambas
  Maggie (D:6)
  19 cane toads
  5 rime drakes
  3 kobold demonologists
  A freezing wraith (D:15)
  4 unseen horror zombies (D:9)
  8 komodo dragons
  4 yaktaurs
  2 tengu conjurers (D:14)
  9 trolls
  A polar bear (Lair:4)
  A hornet (D:11)
  A wolf spider simulacrum (D:14)
  5 dream sheep (Lair:4)
  3 blink frogs (Lair:4)
  6 slime creatures (D:13)
  A shadow (D:12)
  47 yaks
  11 humans (D:14)
  2 vampires (D:14)
  6 wraiths
  3 wyverns
  11 basilisks
  5 vampire mosquitoes
  3 steam dragons
  A swamp worm (Lair:3)
  5 acid dragons
  2 wargs
  11 water moccasins
  2 sky beasts
  An ice beast (D:6)
  39 orc warriors
  6 ogres
  5 black bears
  36 wolves
  4 boggarts (D:13)
  4 centaurs
  2 phantoms
  A kobold brigand (D:6)
  2 necrophages
  18 bullfrogs
  2 scorpions
  7 wights
  11 killer bees
  4 electric eels
  4 howler monkeys
  9 jellies (Lair:5)
  2 gnoll boudas
  A human zombie (D:9)
  29 orc priests
  A hound (D:5)
  4 iguanas
  Jessica (D:3)
  28 orc wizards
  7 hell rats (Lair:1)
  A mummy (D:9)
  A howler monkey zombie (D:9)
  8 gnolls
  8 adders
  8 river rats (Lair:1)
  2 shadow imps (D:6)
  2 white imps (D:6)
  An ufetubus (D:5)
  2 worms
  3 dart slugs
  92 orcs
  3 bats
  9 endoplasms
  3 giant cockroaches
  18 goblins
  11 hobgoblins
  16 kobolds
  11 quokkas
  4 ball pythons
  5 frilled lizards
  A goblin skeleton (D:6)
  A goblin zombie (D:6)
  3 hobgoblin zombies (D:6)
  An orc skeleton (D:6)
  An orc zombie (D:6)
  20 rats
  A spectral kobold (D:3)
730 creatures vanquished.

Vanquished Creatures (collateral kills)
  An orc high priest (Orc:2)
  A deep elf pyromancer (D:14)
  2 elephants (Lair:2)
  2 water moccasins (Lair:2)
  An orc warrior (Orc:2)
  A boggart (D:13)
  Crazy Yiuf (D:7)
  2 gnolls (D:5)
  2 orcs (D:5)
  A goblin (D:1)
  A hobgoblin (D:1)
15 creatures vanquished.

Vanquished Creatures (others)
  An elephant (Lair:2)
  8 dancing weapons
  An orc priest (Orc:2)
  An orc (D:10)
  19 fungi
  28 plants
58 creatures vanquished.

Grand Total: 803 creatures vanquished

Notes
Turn   | Place    | Note
-------+----------+-------------------------------------------
     0 | D:1      | Neidan the Spriggan Enchanter began the quest for the Orb.
     0 | D:1      | Reached XP level 1. HP: 9/9 MP: 5/5
   132 | D:1      | Reached XP level 2. HP: 13/13 MP: 7/7
   135 | D:1      | Learned a level 2 spell: Ensorcelled Hibernation
   691 | D:2      | Reached XP level 3. HP: 16/16 MP: 9/9
   695 | D:2      | Learned a level 3 spell: Tukima's Dance
   699 | D:2      | Learned a level 3 spell: Confusing Touch
  1621 | D:1      | Reached XP level 4. HP: 15/21 MP: 11/11
  1782 | D:1      | Reached skill level 5 in Hexes
  1872 | D:3      | Found a faded altar of an unknown god.
  1874 | D:3      | Noticed Jessica
  1884 | D:3      | Killed Jessica
  2047 | D:3      | Found an ornate altar of the Wu Jian Council.
  2157 | D:3      | Found a white marble altar of Elyvilon.
  2210 | D:3      | Found an iron altar of Okawaru.
  2328 | D:3      | Reached XP level 5. HP: 24/24 MP: 10/13
  2672 | D:4      | Reached skill level 5 in Spellcasting
  2710 | D:4      | Noticed an ogre
  2745 | D:4      | Killed an ogre
  2746 | D:4      | Reached skill level 5 in Stealth
  2870 | D:4      | Reached XP level 6. HP: 26/28 MP: 13/15
  2922 | D:4      | Reached skill level 6 in Stealth
  3410 | D:4      | Found a glowing silver altar of Zin.
  3623 | D:5      | Entered Level 5 of the Dungeon
  3652 | D:5      | Reached XP level 7. HP: 32/32 MP: 17/17
  3771 | D:5      | Gained mutation: You have hidden genetic defects. [potion
                  | of mutation]
  3771 | D:5      | Gained mutation: You are frail. (-10% HP) [potion of
                  | mutation]
  3858 | D:5      | Reached skill level 7 in Stealth
  3916 | D:5      | Found a faded altar of an unknown god.
  4211 | D:5      | Gained mutation: You do not regenerate when monsters are
                  | visible. [hidden defects]
  4246 | D:5      | Reached skill level 8 in Stealth
  4457 | D:5      | Found a faded altar of an unknown god.
  4459 | D:5      | Found a hazy altar of Hepliaklqana.
  4675 | D:6      | Reached XP level 8. HP: 32/32 MP: 16/19
  4688 | D:6      | Gained mutation: You occasionally lose the ability to drink
                  | potions when taking damage. [hidden defects]
  4688 | D:6      | Lost mutation: You have hidden genetic defects. [hidden
                  | defects expressed]
  4785 | D:6      | Reached skill level 9 in Stealth
  4816 | D:6      | Lost mutation: You occasionally lose the ability to drink
                  | potions when taking damage. [potion of mutation]
  4816 | D:6      | Lost mutation: You do not regenerate when monsters are
                  | visible. [potion of mutation]
  4816 | D:6      | Lost mutation: You are frail. (-10% HP) [potion of
                  | mutation]
  4816 | D:6      | Gained mutation: Your system is resistant to poisons.
                  | (rPois) [potion of mutation]
  4816 | D:6      | Gained mutation: You are strong-willed. (Will+) [potion of
                  | mutation]
  4864 | D:6      | Noticed Maggie
  4876 | D:6      | Killed Maggie
  4932 | D:6      | Found Vach's Weapon Shop.
  4949 | D:6      | Found a staircase to the Ecumenical Temple.
  4968 | Temple   | Entered the Ecumenical Temple
  4985 | Temple   | Became a worshipper of Dithmenos the Shadowed
  5038 | D:6      | Reached skill level 10 in Stealth
  5225 | D:6      | Found a snail-covered altar of Cheibriados.
  5248 | D:6      | Found a glowing golden altar of the Shining One.
  5393 | D:6      | Found an ancient bone altar of Kikubaaqudgha.
  5732 | D:6      | Reached * piety under Dithmenos
  6016 | D:7      | Reached XP level 9. HP: 30/39 MP: 22/22
  6190 | D:7      | Reached skill level 11 in Stealth
  6579 | D:7      | Reached skill level 10 in Hexes
  6590 | D:7      | Found a stormy altar of Qazlal.
  6595 | D:7      | Found a blossoming altar of Fedhas.
  6740 | D:7      | Found a runed translucent door.
  6741 | D:7      | Noticed Crazy Yiuf
  6752 | D:7      | Killed Crazy Yiuf
  6946 | D:8      | Found a staircase to the Lair.
  6989 | D:8      | Identified the +5 rapier "Spriggan's Peril" {drain, rPois}
  7142 | D:8      | Found Vuxtiy's Weapon Shop.
  7159 | D:8      | Found a flagged portal.
  7170 | Bailey   | Entered a bailey
  7325 | Bailey   | Reached ** piety under Dithmenos
  7329 | Bailey   | Reached skill level 1 in Fighting
  7329 | Bailey   | Reached skill level 12 in Stealth
  7329 | Bailey   | Reached skill level 10 in Spellcasting
  7960 | D:8      | Reached XP level 10. HP: 43/46 MP: 25/25
  8546 | D:9      | Reached *** piety under Dithmenos
  8551 | D:9      | Reached skill level 5 in Dodging
  8799 | D:9      | Found a sacrificial altar of Ru.
  9218 | D:9      | Reached skill level 13 in Stealth
  9231 | D:9      | Found a basalt altar of Yredelemnul.
  9427 | D:10     | Entered Level 10 of the Dungeon
  9747 | D:10     | Reached XP level 11. HP: 52/52 MP: 27/27
  9930 | D:10     | Found a shimmering blue altar of Sif Muna.
  9947 | D:10     | Got Sif Muna's Directory of the Snake
 10495 | D:11     | Reached **** piety under Dithmenos
 10496 | D:11     | Reached skill level 5 in Short Blades
 10590 | D:11     | Noticed a boulder beetle
 10604 | D:11     | Killed a boulder beetle
 10818 | D:11     | Noticed a two-headed ogre
 10824 | D:11     | Killed a two-headed ogre
 11194 | D:11     | Reached skill level 14 in Stealth
 11244 | D:12     | Found a radiant altar of Vehumet.
 11636 | D:12     | Found a runed translucent door.
 12089 | D:12     | Found a staircase to the Orcish Mines.
 12210 | D:12     | Noticed borntocrawl's ghost (journeyman GrMo)
 12224 | D:13     | Noticed a green ugly thing
 12227 | D:13     | Killed a green ugly thing
 12404 | D:13     | Noticed a two-headed ogre
 12405 | D:13     | Noticed a boulder beetle
 12411 | D:13     | Killed a two-headed ogre
 12413 | D:13     | Killed a boulder beetle
 12414 | D:13     | Reached XP level 12. HP: 59/59 MP: 22/29
 12549 | D:13     | Noticed a centaur warrior
 12559 | D:13     | Reached skill level 5 in Fighting
 12580 | D:13     | Killed a centaur warrior
 12772 | D:13     | Noticed a centaur warrior
 12781 | D:13     | Killed a centaur warrior
 12782 | D:13     | Reached skill level 15 in Stealth
 12873 | D:13     | Noticed a centaur warrior
 12883 | D:13     | Killed a centaur warrior
 13329 | D:14     | Noticed a centaur warrior
 13336 | D:14     | Killed a centaur warrior
 13361 | D:14     | Noticed Rupert
 13386 | D:14     | Killed Rupert
 13485 | D:14     | Noticed a centaur warrior
 13495 | D:14     | Killed a centaur warrior
 13604 | D:14     | Noticed a death knight
 13853 | D:14     | Noticed a vault guard
 13866 | D:14     | Killed a vault guard
 13867 | D:14     | Reached skill level 10 in Dodging
 13867 | D:14     | Reached skill level 16 in Stealth
 13867 | D:14     | Reached XP level 13. HP: 49/65 MP: 29/31
 13939 | D:14     | Found a gate to the Vaults.
 14230 | D:14     | Reached ***** piety under Dithmenos
 15468 | Lair:1   | Entered Level 1 of the Lair of Beasts
 15674 | Lair:1   | Learned a level 3 spell: Dazzling Flash
 15679 | Lair:1   | Learned a level 4 spell: Cause Fear
 15681 | Lair:1   | Learned a level 1 spell: Apportation
 16561 | Lair:1   | Reached skill level 17 in Stealth
 17072 | Lair:2   | Found a staircase to the Snake Pit.
 17733 | Lair:2   | Reached XP level 14. HP: 52/72 MP: 33/33
 17940 | Lair:2   | Reached ****** piety under Dithmenos
 18587 | Lair:3   | Identified a scroll of acquirement
 18587 | Lair:3   | Acquired 962 gold pieces
 18602 | Lair:3   | Identified the +2 quarterstaff of the Elven Halls
                  | {antimagic, rC+}
 18698 | Lair:3   | Found a staircase to the Swamp.
 19399 | Lair:4   | Reached skill level 10 in Short Blades
 20106 | Lair:4   | Reached skill level 18 in Stealth
 20489 | Lair:4   | You fall into a shaft and drop 1 floor!
 20489 | Lair:5   | Entered Level 5 of the Lair of Beasts
 20863 | Lair:5   | Found a staircase to the Slime Pits.
 21032 | Lair:5   | Reached skill level 15 in Hexes
 21986 | Lair:5   | Reached skill level 15 in Spellcasting
 22041 | Lair:5   | Reached XP level 15. HP: 77/77 MP: 35/35
 23179 | Orc:1    | Entered Level 1 of the Orcish Mines
 23420 | Orc:1    | Found Plog's Weapon Shop.
 23548 | Orc:1    | Found a transporter.
 23574 | Orc:1    | You fall into a shaft and drop 1 floor!
 23574 | Orc:2    | Entered Level 2 of the Orcish Mines
 23722 | Orc:1    | Found a transporter.
 23944 | Orc:2    | Found Wedeyruz's General Store.
 24209 | Orc:2    | Found Xuinaoc's Antique Armour Shop.
 24218 | Orc:2    | Bought a jewelled cloak for 342 gold pieces
 24218 | Orc:2    | Identified the +3 cloak "Faehin" {Str+4 Int+3} (You bought
                  | it in a shop on level 2 of the Orcish Mines)
 24495 | Orc:2    | Found a staircase to the Elven Halls.
 25215 | Orc:2    | Reached skill level 19 in Stealth
 25656 | Orc:2    | Found Ustuid's Antique Armour Emporium.
 25657 | Orc:2    | Found Feang's Antique Weapon Emporium.
 25659 | Orc:2    | Found Noten's General Store.
 25659 | Orc:2    | Found Becs's Jewellery Shoppe.
 25675 | Orc:2    | Bought a scroll of enchant armour for 112 gold pieces
 25675 | Orc:2    | Bought a potion of mutation for 120 gold pieces
 25831 | D:15     | Entered Level 15 of the Dungeon
 25844 | D:15     | Slain by a freezing wraith

Illustrated notes

Levels and vault maps discovered:
D:1:      minmay_arrival_shattered_statue, layout_basic
D:2:      layout_basic
D:3:      layout_loops_ring, old_standard_altar, nzn_wu_jian_contemplation,
          mainiacjoe_overflow_boulevard,
          dreamdust_ecumenical_altar_drowned_temple, item_on_display_b,
          uniq_jessica
D:4:      layout_gridville, amcnicky_altar_gilded, minmay_bisected
D:5:      layout_loops_ring, nicolae_hepliaklqana_ecumenical_no_more
D:6:      layout_loops_ring, nicolae_tso_besieged_by_evil,
          mainiacjoe_overflow_six_doors_small, kennysheep_mini,
          minmay_temple_entry_junction, serial_shops, shop_statue,
          grunt_decor_arrowhead, kennysheep_generic_room_15, uniq_maggie
D:7:      layout_loops_ring, grunt_temple_overflow_forces_of_nature,
          uniq_crazy_yiuf_cottage
D:8:      hellmonk_crumbling_castle, layout_loops_ring, dpeg_oklobed_lair,
          serial_shops, shop, enter_bailey_3
D:9:      layout_cave_pools, lemuel_mausoleum_altar_yredelemnul,
          lemuel_doored_altar
D:10:     layout_basic, led_sif_book
D:11:     layout_irregular_city
D:12:     layout_rooms, orc_0_dummy, ebering_ghost_reflecting_pool,
          vehumet_altar_wand_db
D:13:     layout_roguey, grunt_ministairs_8
D:14:     layout_loops_ring, ximxim_vaults_locker_room, minmay_misc_feat_cross,
          serial_co_window_serial, co_window_paths_a, co_window_cross_1,
          co_window_of_opportunity_a, co_window_cross_1, co_window_paths_b,
          co_window_of_opportunity_b, co_window_broadway_b, co_window_2corner,
          co_window_2corner, co_window_of_opportunity_b, co_window_paths_e,
          glass_columns_b, glass_columns_a, glass_columns_a, uniq_rupert
D:15:     gammafunk_enter_depths_forms, layout_gridville, serial_park_square1
          [serial_park_minivault_5x5_6], nicolae_ru_sacrificial_ziggurat,
          uniq_roxanne, uniq_jorgrun
Temple:   corrupted_temple
Lair:1:   lemuel_ratsnest, layout_long_grid, grunt_megastairs_5
Lair:2:   nzn_winding_woodlands_medium [nzn_winding_woodlands_hourglass,
          nzn_winding_woodlands_5x15_river_crossing,
          nzn_winding_woodlands_5x5_perimeter, nzn_winding_woodlands_5x5_three,
          nzn_winding_woodlands_center_lodge,
          nzn_winding_woodlands_5x5_open_star,
          nzn_winding_woodlands_5x5_closed_star,
          nzn_winding_woodlands_5x15_garden, nzn_winding_woodlands_5x5_cross],
          layout_cave_pods, grunt_forest_large_clearings
Lair:3:   layout_loops_ring, palyth_hydra_swamp_entry, beast_lair_carwin_2,
          serial_bayou_shore_b
Lair:4:   layout_cave_pods, disabler_island
Lair:5:   evilmike_catoblepas_cave, layout_cave_pods,
          minmay_slime_entry_jelly_boxes, lemuel_fruit_fields
Orc:1:    gammafunk_beogh_shrine, layout_diamond_mine, basic_altar,
          serial_shops, shop
Orc:2:    st_orc_congregation, layout_caves, serial_shops,
          nicolae_shop_hallway_stairs, nicolae_shop_trees

Skill      XL: |  1  2  3  4  5  6  7  8  9 10 11 12 13 14 15 |
---------------+----------------------------------------------+-----
Spellcasting   | 3 4 5 6 7 8 10 11 12 13 14 15 | 15.4
Hexes          | 4 5 6 7 9 10 11 12 13 14 15 | 15.6
Stealth        | 5 6 8 10 12 13 14 16 17 18 19 | 19.1
Dodging        | 4 6 8 10 11 13 | 13.5
Fighting       | 1 3 4 6 7 8 |  8.8
Short Blades   | 2 4 6 8 9 10 11 | 11.3

Action                   |  1- 3 |  4- 6 |  7- 9 | 10-12 | 13-15 || total
-------------------------+-------+-------+-------+-------+-------++-------
Melee: Dagger            |   120 |   146 |   447 |   246 |   349 ||  1308
       Punch             |       |     1 |     6 |     1 |    22 ||    30
       Rapier            |       |       |       |       |   917 ||   917
Throw: Dart              |       |       |       |       |     2 ||     2
 Cast: Ensorcelled Hiber |     7 |     7 |    48 |    78 |    81 ||   221
       Tukima's Dance    |     2 |     2 |    15 |     9 |    23 ||    51
       Confusing Touch   |       |     2 |    11 |     7 |    16 ||    36
       Dazzling Flash    |       |       |       |       |    64 ||    64
       Apportation       |       |       |       |       |     2 ||     2
Invok: Shadow Step       |       |       |       |     1 |     3 ||     4
Evoke: Wand              |       |       |       |     9 |     6 ||    15
       Lightning rod     |       |       |       |     4 |     7 ||    11
       Phantom mirror    |       |       |       |     1 |       ||     1
       Condenser vane    |       |       |       |       |     2 ||     2
  Use: Scroll            |     3 |     9 |     9 |     9 |     8 ||    38
       Potion            |       |       |     2 |     3 |     2 ||     7
 Stab: Sleeping          |    11 |    16 |    32 |    99 |   134 ||   292
       Confused          |       |     2 |    10 |     6 |    19 ||    37
       Distracted        |       |       |     1 |       |    16 ||    17
       Invisible         |       |       |       |     6 |    48 ||    54
Armor: Robe              |     8 |    25 |    81 |     2 |       ||   116
       Steam dragon scal |       |       |       |    42 |   136 ||   178
Dodge: Dodged            |    93 |    79 |   375 |   230 |  1228 ||  2005

Table legend: (Time is in decaauts)
 A = Elapsed time spent in this place.
 B = Non-inter-level travel time spent in this place.
 C = Inter-level travel time spent in this place.
 D = Time resting spent in this place.
 E = Time spent auto-exploring this place.
 F = Levels seen in this place.
 G = Mean time per level.
                   A        B        C        D        E       F      G
               +--------+--------+--------+--------+--------+-----+--------+
         Total |  18989 |  17877 |   1112 |   1728 |  11576 |  24 |  791.2 |
       Dungeon |  11332 |  10473 |    859 |    860 |   7057 |  15 |  755.5 |
        Temple |     19 |     11 |      8 |      0 |      3 |   1 |   19.0 |
          Lair |   5255 |   5120 |    135 |    308 |   3529 |   5 | 1051.0 |
  Orcish Mines |   1961 |   1851 |    110 |    518 |    821 |   2 |  980.5 |
        Bailey |    420 |    420 |      0 |     40 |    165 |   1 |  420.0 |
               +--------+--------+--------+--------+--------+-----+--------+

Top non-repeatable levels by time:
    D:14: 1412 daAuts
  Lair:5: 1335 daAuts
  Lair:2: 1270 daAuts
  Lair:4: 1058 daAuts
   Orc:1: 1026 daAuts
    D:13: 1010 daAuts
  Lair:1: 1002 daAuts
     D:6: 984 daAuts
   Orc:2: 934 daAuts
    D:11: 918 daAuts
     D:9: 798 daAuts
     D:5: 779 daAuts
     D:2: 760 daAuts
     D:8: 752 daAuts
    D:10: 726 daAuts
